 Dungeon Crawl Stone Soup version 0.21.1-1-g345015fe64 (webtiles) character file.

287475 Oravi the Whirler (level 21, -4/152 HPs)
             Began as a Halfling Hunter on Apr 17, 2018.
             Was the Champion of Okawaru.
             Slain by a mace of holy wrath (11 damage)
             ... on level 3 of the Elven Halls.
             The game lasted 04:35:53 (46936 turns).

Oravi the Whirler (Halfling Hunter)                Turns: 46936, Time: 04:35:53

Health: -4/152     AC: 15    Str: 21      XL:     21   Next: 55%
Magic:  0/37       EV: 44    Int:  8 (9)  God:    Okawaru [******]
Gold:   3332       SH: 19    Dex: 32      Spells: 20/20 levels left

rFire    + . .     SeeInvis .   a - +3 sling "Punk" {acid, rCorr}
rCold    + . .     Gourm    .   E - +0 shield {rC+}
rNeg     . . .     Faith    .   p - +2 robe "Tonatoth" {Str+4 Slay+3}
rPois    .         Spirit   +   L - +2 hat of True Grit {rF+ Regen+ rCorr Dex+3}
rElec    +         Reflect  .   K - +0 cloak {MR+}
rCorr    +         Harm     .   B - +1 pair of gloves {Dex+3}
MR       ++...                  R - +0 pair of boots {Fly}
Stlth    ++++......             x - amulet "Jukki" {Spirit MP+9}
HPRegen  0.75/turn              C - +5 ring of dexterity
MPRegen  0.25/turn              U - +6 ring of evasion

@: about to teleport, heroism, finesse, flying
A: small, thin metallic scales 1, mutation resistance 1, electricity resistance
}: 2/15 runes: decaying, serpentine
a: Heroism, Finesse, Renounce Religion, Stop Flying


You were on level 3 of the Elven Halls.
You worshipped Okawaru.
Okawaru was exalted by your worship.
You were not hungry.

You visited 7 branches of the dungeon, and saw 35 of its levels.
You also visited: Sewer.

You collected 3524 gold pieces.
You spent 192 gold pieces at shops.

Inventory:

Hand Weapons
 a - the +3 sling "Punk" (weapon) {acid, rCorr}
   (Okawaru gifted it to you on level 6 of the Lair of Beasts)

   It protects you from acid and corrosion.
 b - a +3 short sword of venom
 e - the +1 hunting sling "Dragonslayer" {venom, Int+4 Stlth+}
   (Okawaru gifted it to you on level 2 of the Swamp)

   It poisons the ammo it fires.
   It affects your intelligence (+4).
   It makes you more stealthy.
 t - a +2 rapier of freezing
 w - a +3 short sword of holy wrath
 H - a +3 hunting sling of flaming
Missiles
 F - 344 sling bullets (quivered)
Armour
 p - the +2 robe "Tonatoth" (worn) {Str+4 Slay+3}
   (Okawaru gifted it to you on level 2 of the Elven Halls)

   It affects your strength (+4).
   It affects your accuracy and damage with ranged weapons and melee attacks
   (+3).
 v - +0 swamp dragon scales
 B - a +1 pair of gloves of dexterity (worn)
 E - a +0 shield of cold resistance (worn)
 K - a +0 cloak of magic resistance (worn)
 L - the +2 hat of True Grit (worn) {rF+ Regen+ rCorr Dex+3}
   (You found it on level 15 of the Dungeon)

   It affects your dexterity (+3).
   It protects you from fire.
   It increases your rate of regeneration.
   It protects you from acid and corrosion.
 R - a +0 pair of boots of flying (worn)
Jewellery
 d - an uncursed ring of poison resistance
 g - an uncursed ring of stealth
 l - an uncursed ring of protection from fire
 q - an uncursed ring of see invisible
 x - the amulet "Jukki" (around neck) {Spirit MP+9}
   (You found it in a sewer)

   [amulet of guardian spirit]

   It causes incoming damage to be split between your health and magic.
   It affects your magic capacity (+9).
 C - a +5 ring of dexterity (left hand)
 G - an uncursed ring of stealth
 Q - an uncursed ring of resist corrosion
 U - a +6 ring of evasion (right hand)
 X - an uncursed amulet of rage
 Z - an uncursed ring of positive energy
Wands
 s - a wand of digging (13)
Scrolls
 h - 7 scrolls of fog
 i - a scroll of magic mapping
 m - 2 scrolls of summoning
 n - 4 scrolls of fear
 r - 17 scrolls of remove curse
 u - 3 scrolls of enchant armour
 y - 17 scrolls of teleportation
 D - 4 scrolls of enchant weapon
 M - 9 scrolls of identify
 P - 6 scrolls of blinking
Potions
 j - 4 potions of ambrosia
 k - 8 potions of curing
 z - 5 potions of might
 A - 4 potions of agility
 N - 3 potions of resistance
 O - a potion of cancellation
 S - a potion of invisibility
 V - a potion of berserk rage
 Y - 3 potions of haste
Comestibles
 c - 10 chunks of flesh
 f - 43 rations


   Skills:
 + Level 15.5(20.5) Fighting
 * Level 16.6(21.6) Short Blades
 + Level 20.4(25.4) Slings
 * Level 11.6(16.6) Armour
 + Level 15.1(20.1) Dodging
 - Level 1.1(6.1) Stealth
 * Level 16.9(21.9) Shields
 - Level 10.0 Invocations
 - Level 1.0 Evocations


You had 20 spell levels left.
You didn't know any spells.

Dungeon Overview and Level Annotations

Branches:
Dungeon (15/15)            Temple (1/1) D:4            Lair (6/6) D:9
  Swamp (4/4) Lair:3        Snake (4/4) Lair:2        Slime (0/5) Lair:5
    Orc (2/2) D:10            Elf (3/3) Orc:2        Vaults (0/5) D:14
 Depths (0/5) D:15

Altars:
Ashenzari
Cheibriados
Dithmenos
Elyvilon
Fedhas
Gozag
Hepliaklqana
Kikubaaqudgha
Makhleb
Nemelex Xobeh
Okawaru
Qazlal
Ru
Sif Muna
Trog
Uskayaw
Vehumet
Wu Jian
Xom
Yredelemnul
Zin
The Shining One
Beogh
Jiyva

Shops:
D:4 :   D:6 ?   D:8 *   D:14 [   Orc:2 ?**(   Elf:1 (   Elf:2 !   Snake:2 }}=
Snake:4 =

Annotations:
D:14 ring of flight


Innate Abilities, Weirdness & Mutations

You are small and have problems with some larger weapons.
You are somewhat resistant to further mutation.
You are partially covered in thin metallic scales. (AC +2)
You are resistant to electric shocks. (rElec)


Message History

The sling bullet misses the deep elf elementalist.
The deep elf sorcerer shouts!
The deep elf blademaster shouts!
You hear a shout!
The deep elf sorcerer casts a spell at you.
The sphere of damnation explodes!
The damnation engulfs you!
* * * LOW HITPOINT WARNING * * *
You hear a shout! x6
A deep elf demonologist comes into view.
It is wielding a long sword.
The deep elf sorcerer gestures wildly while chanting.
The deep elf sorcerer seems to speed up.
The deep elf demonologist casts a spell.
The deep elf demonologist gestures wildly while chanting.
Found a wand of iceblast (9), a scimitar and 22 gold pieces.
Your surroundings seem slightly different.
An earth elemental and 5 elves come into view.
A deep elf death mage is wielding a dazzling great sword {pain}.
A deep elf knight is wielding a trident of venom.
Okay, then.
As you read the scroll of teleportation, it crumbles to dust.
You feel strangely unstable. The mace of holy wrath hits you!
You die...

#e.# .......[
..eeE...((......(.......
.....e#(...............#
....#e###....e.........#
#.#..e####.e.........#
###......#.#..........##
.......(4....e.........#
.⌠.....@e3ee...........#
...........3............
.................##...⌠.
...............### ...
.............### .
############'# ./# $)##
$##


You could see a deep elf blademaster, 2 deep elf annihilators, a deep elf death
mage (wandering), 3 deep elf sorcerers, a deep elf elementalist, a soul eater, a
deep elf demonologist, a deep elf knight, a deep elf high priest, an earth
elemental, an ice devil, a sixfirhy and a mace of holy wrath.

Vanquished Creatures
  Jorgrun (Swamp:4)
  Rupert (D:12)
  A deep elf blademaster (Elf:3)
  Frances (Elf:1)
  2 thorn hunters
  Kirke (Swamp:4)
  7 nagarajas
  Roxanne (Swamp:4)
  An orc warlord (Orc:1)
  3 deep elf sorcerers
  Aizul (Snake:3)
  3 deep elf elementalists
  2 deep elf annihilators
  Azrael (D:14)
  Snorg (D:11)
  4 deep elf death magi
  A fire dragon (Lair:6)
  The ghost of supermoro the Fighter, a journeyman MiFi of Gozag (D:9)
  Erolcha (D:12)
  The ghost of FreshCat the Spear-Bearer, a journeyman MiFi of Qazlal (D:10)
  An ice dragon (Lair:5)
  24 hydras
  A ghost crab (Swamp:3)
  15 naga warriors
  A centaur warrior (D:15)
  19 anacondas
  Erica (Lair:2)
  18 two-headed ogres
  A death knight (D:15)
  3 ogre magi (D:15)
  15 alligators
  22 dancing weapons
  A tengu warrior (D:15)
  9 orc high priests
  7 death yaks
  19 naga sharpshooters
  8 spriggans
  16 deep elf knights
  6 shock serpents
  A large abomination (Elf:2)
  9 salamander mystics
  8 skeletal warriors
  6 spriggan druids
  A wizard (D:15)
  A death drake (shapeshifter) (Elf:2)
  2 unseen horrors
  5 deep elf archers
  2 phantasmal warriors (D:15)
  3 naga ritualists
  A shambling mangrove (Swamp:1)
  12 swamp dragons
  50 deep elf magi
  12 mana vipers
  Pikel (D:5)
  2 orc knights
  5 lindwurms
  An orb spider (shapeshifter) (Elf:1)
  8 orc sorcerers
  9 salamanders
  2 cyclopes
  10 ugly things
  3 centaur zombies
  2 manticores (D:12)
  10 elephants (Lair:6)
  Psyche (D:8)
  Joseph (D:8)
  An ice statue (Lair:5)
  25 naga magi
  8 guardian serpents
  Maurice (D:7)
  A gargoyle (D:14)
  42 black mambas
  A torpor snail (Lair:4)
  13 spiny frogs
  2 molten gargoyles (Lair:6)
  3 rime drakes
  17 komodo dragons
  2 kobold demonologists
  2 efreet
  2 polar bears
  A tengu conjurer (D:15)
  6 trolls
  Grinder (D:6)
  3 tyrant leeches (Swamp:4)
  A harpy skeleton (D:15)
  A meliai (shapeshifter) (Elf:2)
  21 blink frogs
  9 hornets
  24 slime creatures
  Prince Ribbit (D:6)
  5 bog bodies
  6 dream sheep (Lair:6)
  13 hippogriffs
  A vampire (D:14)
  Sigmund (D:2)
  4 shadows
  3 water elementals (Elf:1)
  An air elemental (Elf:3)
  2 centaur simulacra (D:15)
  8 wyverns
  2 wraiths
  2 humans (D:11)
  41 yaks
  Grum (D:11)
  18 vampire mosquitoes
  5 basilisks
  A steam dragon (Lair:6)
  6 fire elementals
  2 hungry ghosts
  7 wargs
  An acid dragon (D:14)
  12 insubstantial wisps
  40 nagas
  3 porcupines
  8 water moccasins
  8 hell hounds
  17 swamp worms
  37 orc warriors
  10 ice beasts
  2 sky beasts
  13 swamp drakes
  2 phantoms
  2 eyes of draining (D:12)
  14 wolves
  13 ogres
  16 centaurs
  13 crocodiles
  4 big kobolds
  19 bullfrogs
  5 earth elementals
  5 scorpions
  2 wyvern skeletons
  10 wights (D:10)
  2 howler monkeys
  3 electric eels
  5 lava snakes (Lair:6)
  7 crimson imps
  A quasit (D:7)
  3 bullfrog zombies
  6 jellies
  Crazy Yiuf (D:7)
  5 hounds
  32 orc wizards
  3 centaur skeletons
  33 orc priests
  An iguana (D:14)
  11 worker ants
  2 hound skeletons
  A hound zombie (D:10)
  11 adders
  2 shadow imps
  3 white imps (Lair:5)
  6 oozes
  3 adder skeletons
  3 worms
  A dart slug (D:1)
  5 leopard geckos
  93 orcs
  14 giant cockroaches
  9 goblins
  7 hobgoblins
  9 jackals
  2 quokkas
  2 ball pythons (Sewer)
  4 bats
  11 frilled lizards
  A jackal skeleton (D:4)
  10 kobolds
  A leopard gecko zombie (D:5)
  12 rats
  2 crawling corpses (Elf:3)
  A fungus (D:2)
  A plant (Elf:2)
1292 creatures vanquished.

Vanquished Creatures (others)
  A deep elf archer (Elf:1)
  A deep elf mage (Elf:2)
  A black mamba (Snake:1)
  A blink frog (Lair:5)
  A swamp worm (Swamp:4)
  2 fungi
  4 plants
11 creatures vanquished.

Grand Total: 1303 creatures vanquished

Notes
Turn   | Place    | Note
-------+----------+-------------------------------------------
     0 | D:1      | Oravi the Halfling Hunter began the quest for the Orb.
     0 | D:1      | Reached XP level 1. HP: 14/14 MP: 1/1
    11 | D:1      | Reached skill level 6 in Slings
   130 | D:1      | Reached XP level 2. HP: 19/19 MP: 2/2
   341 | D:1      | Reached XP level 3. HP: 24/24 MP: 3/3
   579 | D:1      | Reached skill level 1 in Short Blades
   855 | D:2      | Reached skill level 7 in Slings
  1248 | D:2      | Reached XP level 4. HP: 29/29 MP: 4/4
  2058 | D:3      | Found an ancient bone altar of Kikubaaqudgha.
  2596 | D:3      | Noticed Sigmund
  2617 | D:3      | HP: 1/29 [Sigmund/magic dart (4)]
  3214 | D:3      | Found an ornate altar of the Wu Jian Council.
  3518 | D:4      | Found a staircase to the Ecumenical Temple.
  3559 | Temple   | Entered the Ecumenical Temple
  3755 | Temple   | Became a worshipper of Warmaster Okawaru
  3911 | D:4      | Reached XP level 5. HP: 34/34 MP: 5/5
  3959 | D:4      | Found a glowing drain.
  3971 | Sewer    | Entered a sewer
  4045 | Sewer    | Reached skill level 8 in Slings
  4342 | Sewer    | Noticed a bullfrog
  4364 | Sewer    | Killed a bullfrog
  4364 | Sewer    | Reached skill level 1 in Armour
  4364 | Sewer    | Reached XP level 6. HP: 31/39 MP: 6/6
  4368 | Sewer    | Got a vibrating golden amulet
  4955 | D:4      | Identified the amulet "Jukki" {Spirit MP+9} (You found it in a sewer)
  5075 | D:4      | Found Gayhung's Book Shop.
  5415 | D:5      | Entered Level 5 of the Dungeon
  5564 | D:5      | Reached * piety under Okawaru
  5564 | D:5      | Reached skill level 9 in Slings
  5872 | D:5      | Found a glowing silver altar of Zin.
  5973 | D:5      | Reached XP level 7. HP: 45/45 MP: 7/7
  6103 | D:5      | Noticed Pikel
  6418 | D:5      | Killed Pikel
  6418 | D:5      | Reached ** piety under Okawaru
  6418 | D:5      | Reached skill level 10 in Slings
  6418 | D:5      | Reached XP level 8. HP: 25/52 MP: 8/8
  6840 | D:5      | Reached *** piety under Okawaru
  6913 | D:5      | Reached skill level 5 in Short Blades
  7067 | D:6      | Found Naunwof's Magic Scroll Emporium.
  7107 | D:6      | Reached skill level 11 in Slings
  7399 | D:6      | Noticed Prince Ribbit
  7584 | D:6      | Noticed Grinder
  7601 | D:6      | Paralysed by Grinder for 4 turns
  7611 | D:6      | Killed Grinder
  7611 | D:6      | Reached XP level 9. HP: 53/58 MP: 9/9
  7727 | D:6      | Killed Prince Ribbit
  7727 | D:6      | Reached skill level 12 in Slings
  7977 | D:6      | Found a sacrificial altar of Ru.
  8098 | D:7      | Found a basalt altar of Yredelemnul.
  8403 | D:7      | Found a runed door.
  8655 | D:7      | Reached **** piety under Okawaru
  8871 | D:8      | Noticed Joseph
  9050 | D:8      | Found Ytal's Changing Room.
  9053 | D:8      | Noticed Psyche
  9079 | D:8      | Killed Psyche
  9592 | D:8      | Noticed Maurice
  9595 | D:8      | Paralysed by Maurice for 6 turns
  9878 | D:7      | Killed Maurice
  9955 | D:8      | Found a snail-covered altar of Cheibriados.
  9969 | D:8      | Reached XP level 10. HP: 65/65 MP: 10/10
 10013 | D:8      | Found a shattered altar of Ashenzari.
 10016 | D:8      | Found a sacrificial altar of Ru.
 10019 | D:8      | Found a bloodstained altar of Trog.
 10109 | D:8      | Killed Joseph
 10109 | D:8      | Reached skill level 5 in Armour
 10109 | D:8      | Reached skill level 5 in Dodging
 10109 | D:8      | Reached skill level 1 in Evocations
 10525 | D:8      | Found a sparkling altar of Nemelex Xobeh.
 10672 | D:8      | Found a hide-covered altar of Uskayaw.
 11035 | D:9      | Received a gift from Okawaru
 11981 | D:9      | Found a staircase to the Lair.
 11990 | D:9      | Noticed supermoro's ghost (journeyman MiFi)
 11998 | D:9      | Found a stormy altar of Qazlal.
 12223 | D:9      | Gained mutation: You have large cloven feet. [potion of mutation]
 12223 | D:9      | Gained mutation: You have a pair of small horns on your head. [potion of mutation]
 12324 | D:9      | Reached skill level 10 in Short Blades
 12624 | D:10     | Entered Level 10 of the Dungeon
 12638 | D:10     | Noticed FreshCat's ghost (journeyman MiFi)
 12898 | D:10     | Received a gift from Okawaru
 12958 | D:10     | Reached XP level 11. HP: 51/70 MP: 11/11
 12968 | D:10     | Reached skill level 5 in Fighting
 13343 | D:2      | Killed Sigmund
 13548 | D:7      | Noticed Crazy Yiuf
 13555 | D:7      | Killed Crazy Yiuf
 14089 | D:10     | Killed FreshCat's ghost
 14089 | D:10     | Reached skill level 1 in Invocations
 14299 | D:10     | Received a gift from Okawaru
 14575 | D:10     | Reached ***** piety under Okawaru
 14750 | D:10     | Received a gift from Okawaru
 15167 | D:10     | Found a staircase to the Orcish Mines.
 15272 | D:10     | Noticed a death yak
 15305 | D:10     | Killed a death yak
 15429 | D:11     | Reached XP level 12. HP: 83/83 MP: 13/13
 15642 | D:11     | Received a gift from Okawaru
 15833 | D:11     | Noticed Grum
 15859 | D:11     | Killed Grum
 15964 | D:11     | Found an iron altar of Okawaru.
 16305 | D:11     | Noticed Snorg
 16333 | D:11     | Killed Snorg
 16506 | D:8      | Bought a potion of mutation for 96 gold pieces
 16507 | D:8      | Bought a potion of mutation for 96 gold pieces
 16507 | D:8      | Lost mutation: You have a pair of small horns on your head. [potion of mutation]
 16507 | D:8      | Lost mutation: You have large cloven feet. [potion of mutation]
 16507 | D:8      | Gained mutation: You are partially covered in thin metallic scales. (AC +2) [potion of mutation]
 16507 | D:8      | Gained mutation: You are resistant to electric shocks. (rElec) [potion of mutation]
 16916 | D:12     | Noticed Rupert
 16937 | D:12     | Killed Rupert
 16937 | D:12     | Reached skill level 10 in Fighting
 16998 | D:12     | Noticed a two-headed ogre
 17003 | D:12     | Killed a two-headed ogre
 17094 | D:12     | Noticed a two-headed ogre
 17120 | D:12     | Killed a two-headed ogre
 17185 | D:12     | Received a gift from Okawaru
 17236 | D:12     | Reached XP level 13. HP: 91/93 MP: 15/15
 17298 | D:12     | Reached skill level 13 in Slings
 17334 | D:12     | Received a gift from Okawaru
 17334 | D:12     | Reached ****** piety under Okawaru
 17584 | D:12     | Noticed Erolcha
 17602 | D:12     | Killed Erolcha
 17602 | D:12     | Received a gift from Okawaru
 18261 | Lair:1   | Entered Level 1 of the Lair of Beasts
 18345 | Lair:1   | Reached skill level 5 in Invocations
 19319 | Lair:2   | Reached skill level 10 in Dodging
 19599 | Lair:2   | Found a staircase to the Snake Pit.
 19804 | Lair:2   | Noticed Erica
 19821 | Lair:2   | Killed Erica
 19907 | Lair:2   | Reached skill level 14 in Slings
 20787 | Lair:3   | Received a gift from Okawaru
 20798 | Lair:3   | Reached skill level 1 in Shields
 21013 | Lair:3   | Reached XP level 14. HP: 88/101 MP: 18/18
 21599 | Lair:3   | Found a staircase to the Swamp.
 22081 | Lair:4   | Received a gift from Okawaru
 22703 | Lair:3   | Received a gift from Okawaru
 22703 | Lair:3   | Reached skill level 5 in Shields
 23188 | Lair:5   | Found a viscous altar of Jiyva.
 23188 | Lair:5   | Found a staircase to the Slime Pits.
 24470 | Lair:6   | Entered Level 6 of the Lair of Beasts
 24567 | Lair:6   | Received a gift from Okawaru
 25044 | Lair:6   | Received a gift from Okawaru
 25045 | Lair:6   | Found the +3 sling "Punk" {acid, rCorr}
 25306 | Lair:6   | Reached XP level 15. HP: 107/107 MP: 21/21
 26149 | Lair:6   | Found a large runed door.
 26150 | Lair:6   | Found a large runed door.
 26208 | Lair:6   | Received a gift from Okawaru
 26590 | Lair:6   | Reached skill level 10 in Shields
 26784 | D:9      | Killed supermoro's ghost
 27047 | D:13     | Received a gift from Okawaru
 27048 | D:13     | Got a fine hand crossbow {god gift}
 28194 | D:14     | Received a gift from Okawaru
 28229 | D:14     | Found a gate to the Vaults.
 28405 | D:14     | Noticed Azrael
 28419 | D:14     | Killed Azrael
 28419 | D:14     | Received a gift from Okawaru
 28654 | D:14     | Found Erchie's Antique Armour Boutique.
 28831 | D:15     | Entered Level 15 of the Dungeon
 28879 | D:15     | Received a gift from Okawaru
 28981 | D:15     | Found a staircase to the Depths.
 28994 | D:15     | Received a gift from Okawaru
 28995 | D:15     | Got a translucent chain mail {god gift}
 28999 | D:15     | Reached XP level 16. HP: 114/114 MP: 23/23
 29047 | D:15     | Identified the +2 chain mail of the Illusory Lives {rC+ Regen+ MP+9} (Okawaru gifted it to you on level 15 of the Dungeon)
 29332 | D:15     | Got a transparent hat
 29343 | D:15     | Identified the +2 hat of True Grit {rF+ Regen+ rCorr Dex+3} (You found it on level 15 of the Dungeon)
 29545 | D:15     | Reached skill level 15 in Slings
 29929 | D:15     | Reached skill level 10 in Invocations
 30233 | D:15     | Received a gift from Okawaru
 30574 | Orc:1    | Entered Level 1 of the Orcish Mines
 30650 | Orc:1    | Received a gift from Okawaru
 31127 | Orc:1    | Received a gift from Okawaru
 31248 | Orc:1    | Found a roughly hewn altar of Beogh.
 31577 | Orc:2    | Entered Level 2 of the Orcish Mines
 31797 | Orc:2    | Reached XP level 17. HP: 121/121 MP: 24/24
 31819 | Orc:2    | Reached skill level 16 in Slings
 31917 | Orc:2    | Found a staircase to the Elven Halls.
 32148 | Orc:2    | Found Hioxaump's Assorted Antiques.
 32148 | Orc:2    | Found Ifyacuz's Magic Scroll Shoppe.
 32151 | Orc:2    | Found Amote's Assorted Antiques.
 32160 | Orc:2    | Found Plog's Weapon Emporium.
 32703 | Swamp:1  | Entered Level 1 of the Swamp
 34008 | Swamp:2  | Received a gift from Okawaru
 34179 | Swamp:2  | Received a gift from Okawaru
 34180 | Swamp:2  | Got an ancient hunting sling {god gift}
 34181 | Swamp:2  | Identified the +1 hunting sling "Dragonslayer" {venom, Int+4 Stlth+} (Okawaru gifted it to you on level 2 of the Swamp)
 34636 | Swamp:3  | Noticed a thorn hunter
 34664 | Swamp:3  | Killed a thorn hunter
 35081 | Swamp:3  | Received a gift from Okawaru
 35206 | Swamp:3  | Received a gift from Okawaru
 35206 | Swamp:3  | Reached skill level 17 in Slings
 35860 | Swamp:4  | Entered Level 4 of the Swamp
 35860 | Swamp:4  | Noticed Roxanne
 35879 | Swamp:4  | Killed Roxanne
 35972 | Swamp:4  | Reached XP level 18. HP: 121/128 MP: 25/25
 36124 | Swamp:4  | Received a gift from Okawaru
 36260 | Swamp:4  | Received a gift from Okawaru
 36281 | Swamp:4  | Got a bloodstained fustibalus {god gift}
 36282 | Swamp:4  | Identified the +0 fustibalus "Guhoruja" {venom, *Drain rElec rF++ Str-5} (Okawaru gifted it to you on level 4 of the Swamp)
 36425 | Swamp:4  | Noticed Jorgrun
 36453 | Swamp:4  | Killed Jorgrun
 36465 | Swamp:4  | Received a gift from Okawaru
 36621 | Swamp:4  | Noticed Kirke
 36643 | Swamp:4  | Killed Kirke
 36954 | Swamp:4  | Got a decaying rune of Zot
 37618 | Snake:1  | Entered Level 1 of the Snake Pit
 37656 | Snake:1  | Received a gift from Okawaru
 37821 | Snake:1  | Got a pair of heavily runed boots {god gift}
 37832 | Snake:1  | Identified the -2 pair of boots of Sin {Regen+} (Okawaru gifted it to you on level 1 of the Snake Pit)
 38443 | Snake:1  | Reached skill level 15 in Short Blades
 38447 | Snake:1  | Reached XP level 19. HP: 127/135 MP: 26/26
 38705 | Snake:2  | Reached skill level 18 in Slings
 39177 | Snake:2  | Found the +15 Maxwell's patent armour {-Cast -Tele rElec MR+ rCorr}
 39378 | Snake:2  | Found Zaruseus's Jewellery Shoppe.
 39378 | Snake:2  | Found Vaiggado's Gadget Boutique.
 39395 | Snake:2  | Received a gift from Okawaru
 39411 | Snake:2  | Found Houmaph's Gadget Boutique.
 39453 | Snake:2  | Reached skill level 15 in Shields
 39805 | Snake:3  | Received a gift from Okawaru
 39996 | Snake:2  | Received a gift from Okawaru
 40142 | Snake:3  | Noticed Aizul
 40153 | Snake:3  | Killed Aizul
 40301 | Snake:3  | Received a gift from Okawaru
 40302 | Snake:3  | Got a spiked cloak {god gift}
 40313 | Snake:3  | Identified the +0 cloak "Forget-Me-Not" {MR- Regen+ MP-9 Int+8} (Okawaru gifted it to you on level 3 of the Snake Pit)
 40798 | Snake:4  | Entered Level 4 of the Snake Pit
 41289 | Snake:4  | Reached skill level 10 in Armour
 41303 | Snake:4  | Found Geusomal's Jewellery Shop.
 41506 | Snake:4  | Got a smoking lapis lazuli ring
 41947 | Snake:4  | Reached XP level 20. HP: 144/144 MP: 27/27
 42007 | Snake:4  | Reached skill level 19 in Slings
 42154 | Snake:4  | Received a gift from Okawaru
 42531 | Snake:4  | Got a serpentine rune of Zot
 42909 | Snake:4  | Received a gift from Okawaru
 43213 | D:10     | Identified the ring "Voxzety" {rElec MP+9 Int+2 Dex-4 Stlth+} (You found it on level 4 of the Snake Pit)
 43254 | Elf:1    | Entered Level 1 of the Elven Halls
 43766 | Elf:1    | Found Buovek's Weapon Boutique.
 43945 | Elf:1    | Reached skill level 15 in Fighting
 43971 | Elf:1    | Noticed Frances
 43993 | Elf:1    | Killed Frances
 44573 | Elf:2    | Received a gift from Okawaru
 44670 | Elf:2    | Reached skill level 15 in Dodging
 44905 | Elf:2    | Reached skill level 20 in Slings
 44942 | Elf:2    | Reached XP level 21. HP: 151/151 MP: 28/28
 45017 | Elf:2    | Found Paisk's Distillery.
 45074 | Elf:2    | Received a gift from Okawaru
 45103 | Elf:2    | Got a slimy robe {god gift}
 45114 | Elf:2    | Identified the +2 robe "Tonatoth" {Str+4 Slay+3} (Okawaru gifted it to you on level 2 of the Elven Halls)
 45522 | Elf:2    | Found a runed gate.
 45522 | Elf:2    | Found a runed gate.
 45534 | Elf:2    | Found a runed gate.
 46531 | Elf:3    | Entered Level 3 of the Elven Halls
 46931 | Elf:3    | HP: 3/152 [deep elf sorcerer/damnation (22)]
 46936 | Elf:3    | Slain by a mace of holy wrath

Skill      XL: |  1  2  3  4  5  6  7  8  9 10 11 12 13 14 15 16 17 18 19 20 |
---------------+-------------------------------------------------------------+-----
Slings         | 6 7 8 9 10 11 12 14 15 17 18 20 | 20.4
Short Blades   | 1 2 3 4 5 8 10 11 12 13 14 15 16 | 16.6
Fighting       | 2 3 4 8 10 11 12 13 14 15 | 15.5
Armour         | 1 2 4 6 7 9 10 11 | 11.6
Dodging        | 3 4 6 8 9 10 12 13 14 15 | 15.1
Evocations     | 1 |  1.0
Invocations    | 1 3 6 8 9 10 | 10.0
Shields        | 1 8 11 12 13 14 15 16 | 16.9
Stealth        | |  1.1

Action                   |  1- 3 |  4- 6 |  7- 9 | 10-12 | 13-15 | 16-18 | 19-21 || total
-------------------------+-------+-------+-------+-------+-------+-------+-------++-------
Melee: Short sword       |    17 |    20 |   120 |   416 |   817 |   310 |   591 ||  2291
       Dagger            |       |       |       |   118 |       |       |       ||   118
       Kick              |       |       |       |    80 |       |       |       ||    80
       Headbutt          |       |       |       |    89 |       |       |       ||    89
       Punch             |       |       |       |     1 |     2 |       |       ||     3
       Quick blade       |       |       |       |       |    24 |       |       ||    24
       Fustibalus        |       |       |       |       |       |     1 |       ||     1
 Fire: Hunting sling     |    93 |   267 |   247 |   829 |   916 |       |   147 ||  2499
       Fustibalus        |       |       |       |       |   582 |  1735 |  1414 ||  3731
Invok: Heroism           |       |       |       |    10 |     9 |    10 |     8 ||    37
       Finesse           |       |       |       |     1 |     4 |     1 |     3 ||     9
Evoke: Wand              |       |       |     6 |     3 |       |       |       ||     9
  Use: Scroll            |     5 |     7 |     6 |     9 |     7 |     6 |     6 ||    46
       Potion            |       |     2 |     5 |     4 |     2 |     2 |     3 ||    18
  Eat: Chunk             |     1 |    14 |    10 |    19 |    34 |    24 |    25 ||   127
       Ration            |       |       |     1 |     1 |       |     1 |       ||     3
Armor: Leather armour    |     3 |    28 |    48 |     3 |       |     8 |       ||    90
       Robe              |       |       |       |    60 |    80 |    12 |    11 ||   163
       Swamp dragon scal |       |       |       |       |       |    76 |    48 ||   124
Dodge: Dodged            |    13 |    47 |   127 |   421 |  1106 |   875 |   666 ||  3255
Block: Buckler           |       |       |       |       |   330 |   509 |   192 ||  1031
       Shield            |       |       |       |       |       |       |   321 ||   321
